 Dungeon Crawl Stone Soup version 0.26-a0-1147-g3780a7a11b (webtiles) character file.

Game seed: 6487310018984021269

929 gruber the Frost Mage (level 7, -3/46 HPs)
             Began as a Demonspawn Ice Elementalist on Dec 22, 2020.
             Was an Initiate of Vehumet.
             Slain by an ice beast (9 damage)
             ... on level 5 of the Dungeon.
             The game lasted 00:07:19 (6460 turns).

gruber the Frost Mage (Demonspawn Ice Elementalist) Turns: 6460, Time: 00:07:19

Health: -3/46      AC:  4    Str:  9    XL:     7   Next: 85%
Magic:  0/10       EV: 12    Int: 18    God:    Vehumet [......]
Gold:   300        SH:  0    Dex: 13    Spells: 2/10 levels left

rFire    + . .     SeeInvis .   j - +2 short sword (speed)
rCold    . . .     Faith    .   (no shield)
rNeg     . . .     Spirit   +   a - +0 robe
rPois    .         Reflect  .   (no helmet)
rElec    .         Harm     .   e - +0 cloak
rCorr    .         Rampage  .   w - +0 pair of gloves
Will     .....                  (no boots)
Stlth    ++........             (no amulet)
HPRegen  0.15/turn              (no ring)
MPRegen  0.24/turn              (no ring)

@: no status effects
A: fire resistance 1, magic shield, magic regeneration, flame cloud immunity
a: Renounce Religion


You were on level 5 of the Dungeon.
You worshipped Vehumet.
Vehumet was noncommittal.
You visited 1 branch of the dungeon, and saw 6 of its levels.

You collected 300 gold pieces.

Inventory:

Hand Weapons
 f - a +2 dagger of venom
 j - a +2 short sword of speed (weapon)
Missiles
 p - 8 curare-tipped darts
Armour
 a - a +0 robe (worn)
 e - a +0 cloak (worn)
 w - a +0 pair of gloves (worn)
Jewellery
 d - an uncursed ring of magical power {unknown}
 o - an uncursed amulet of magic regeneration {unknown}
Scrolls
 b - a scroll of blinking {unknown}
 c - 7 scrolls of identify {unknown}
 g - 2 scrolls of fear {unknown}
 k - a scroll of magic mapping {unknown}
 l - 8 scrolls of remove curse {unknown}
 q - a scroll of enchant armour {unknown}
 s - a scroll of random uselessness {unknown}
 v - a scroll of teleportation {unknown}
 x - a scroll of brand weapon {unknown}
Potions
 h - 2 potions of degeneration {unknown}
 i - a potion of magic {unknown}
 m - a potion of haste {unknown}
 n - 2 potions of curing {unknown}
 r - a potion of lignification {unknown}
 t - a potion of heal wounds {unknown}
 u - a potion of brilliance {unknown}


   Skills:
 - Level 1.7 Dodging
 - Level 1.7 Stealth
 - Level 2.0 Spellcasting
 + Level 9.1 Ice Magic


You had 2 spell levels left.
You knew the following spells:

 Your Spells              Type           Power        Failure   Level
a - Freeze                Ice            100%         1%          1
b - Frozen Ramparts       Ice            68%          1%          3
c - Hailstorm             Conj/Ice       18%          28%         4

Your spell library contained the following spells:

 Spells                   Type           Power        Failure   Level
 Sandblast                Erth           2%           19%         1
 Ozocubu's Armour         Ice            34%          1%          3
 Summon Ice Beast         Ice/Summ       18%          28%         4


Dungeon Overview and Level Annotations

Branches:
Dungeon (6/15)             Temple (0/1) D:4

Altars:
Hepliaklqana
Nemelex Xobeh
Ru
Vehumet

Annotations:
D:4 1 runed translucent door, CasualChangeling's ghost, amateur PaWn


Innate Abilities, Weirdness & Mutations

Your flesh is heat resistant. (rF+)
When hurt, damage is shared between your health and your magic reserves.
You regenerate magic rapidly.
You are immune to clouds of flame.


Message History

Aim: a hound (severely wounded)
You freeze the hound.
The hound is almost dead.
The wall freezes the hound.
You kill the hound!
Vehumet accepts your kill.
The ice beast completely resists.
The wall freezes the ice beast but do no damage.
Unknown command.
Your frozen ramparts will break if you move.
Continue? [Y]es or [N]o only, please.
Your frozen ramparts will break if you move.
Continue? [Y]es or [N]o only, please.
Your frozen ramparts will break if you move.
Continue?
The frozen ramparts melt away as you move.
You can no longer gain magical power from killing.
The ice beast hits you.
* * * LOW HITPOINT WARNING * * *
The ice beast freezes you!
You die...

#..##...## #.#.####......### #
#..#...(.###.#...######..# #
#..#......†..###.# #...## #
#..#.....##### #.# #.#..# #
#..##....# #.# #....# #
#..##....# #.#######..# #
#.......<# #......##..#####
####....÷############.##.......
#.#.#.##..Y@............####
#.#....#.#####..........# #
#.#..#..................#
#.##............###.#.###
#.####..........# #.#.######
#......########.###.........
######## ##...######### #####


You could see an ice beast.

Vanquished Creatures
  Sigmund (D:2)
  An ogre (D:4)
  A scorpion (D:5)
  A water moccasin skeleton (D:5)
  A bullfrog zombie (D:5)
  3 hounds (D:5)
  4 orc priests
  5 orc wizards
  Terence (D:3)
  4 gnolls (D:4)
  2 adders (D:5)
  A shadow imp (D:5)
  An ufetubus (D:5)
  2 oozes
  6 worms
  4 dart slugs
  6 leopard geckos
  5 orcs
  3 ball pythons
  5 giant cockroaches
  4 goblins (D:1)
  8 hobgoblins
  2 jackals (D:1)
  7 bats
  5 frilled lizards
  7 kobolds
  A leopard gecko skeleton (D:4)
  A quokka skeleton (D:5)
  A quokka zombie (D:5)
  3 rats
96 creatures vanquished.

Vanquished Creatures (others)
  2 withered plants (D:4)
2 creatures vanquished.

Grand Total: 98 creatures vanquished

Notes
Turn   | Place    | Note
-------+----------+-------------------------------------------
     0 | D:1      | gruber the Demonspawn Ice Elementalist began the quest for
                  | the Orb.
     0 | D:1      | Reached XP level 1. HP: 13/13 MP: 3/3
   372 | D:1      | Reached skill level 4 in Ice Magic
   372 | D:1      | Gained mutation: When hurt, damage is shared between your
                  | health and your magic reserves. [demonic ancestry]
   372 | D:1      | Reached XP level 2. HP: 19/19 MP: 5/5
   808 | D:1      | Reached XP level 3. HP: 24/24 MP: 2/6
  1135 | D:1      | You fall into a shaft and drop 1 floor!
  1489 | D:2      | Learned a level 3 spell: Frozen Ramparts
  1497 | D:2      | You fall into a shaft and drop 1 floor!
  1498 | D:3      | Noticed Terence
  1505 | D:3      | Killed Terence
  1506 | D:3      | Reached skill level 5 in Ice Magic
  1506 | D:3      | Reached XP level 4. HP: 24/30 MP: 3/7
  2012 | D:2      | Found a radiant altar of Vehumet.
  2029 | D:2      | Became a worshipper of Vehumet
  2279 | D:2      | Noticed Sigmund
  2288 | D:2      | Killed Sigmund
  2289 | D:2      | Reached skill level 6 in Ice Magic
  2289 | D:2      | Gained mutation: Your flesh is heat resistant. (rF+)
                  | [demonic ancestry]
  2289 | D:2      | Reached XP level 5. HP: 16/35 MP: 1/8
  2600 | D:2      | Found a hazy altar of Hepliaklqana.
  3041 | D:3      | Found a sacrificial altar of Ru.
  3166 | D:3      | Found a faded altar of an unknown god.
  3287 | D:3      | Gained mutation: You are immune to clouds of flame.
                  | [demonic ancestry]
  3287 | D:3      | Reached XP level 6. HP: 34/41 MP: 3/9
  3504 | D:3      | Reached skill level 7 in Ice Magic
  3753 | D:3      | Found a sparkling altar of Nemelex Xobeh.
  3815 | D:3      | Learned a level 4 spell: Hailstorm
  3979 | D:4      | Found a runed translucent door.
  3980 | D:4      | Noticed CasualChangeling's ghost (amateur PaWn)
  4316 | D:4      | Gained mutation: You regenerate magic rapidly. [demonic
                  | ancestry]
  4316 | D:4      | Reached XP level 7. HP: 25/46 MP: 0/10
  4505 | D:4      | Found a staircase to the Ecumenical Temple.
  5043 | D:5      | Entered Level 5 of the Dungeon
  5291 | D:5      | Reached skill level 8 in Ice Magic
  6126 | D:5      | Reached * piety under Vehumet
  6126 | D:5      | Offered knowledge of Sandblast by Vehumet.
  6375 | D:5      | Reached skill level 9 in Ice Magic
  6460 | D:5      | Slain by an ice beast

Illustrated notes

Levels and vault maps discovered:
D:1:      dpeg_arrival_radiant, layout_loops_ring
D:2:      layout_loops_corners, overflow_temple_1_default,
          nicolae_overflow_hidden_temple, kennysheep_nub, uniq_sigmund
D:3:      layout_basic, nicolae_ru_the_path_less_chosen,
          chequers_ecumenical_altar_grove, nemelex_spade_bored_becter,
          uniq_terence
D:4:      layout_gridville, minmay_temple_entry_tees, gammafunk_ghost_grave
D:5:      layout_loops_ring, marbit_many_paths, chequers_avenue,
          minmay_pentangle
D:6:      layout_basic, kennysheep_mini_moat

Skill      XL: |  1  2  3  4  5  6  7 |
---------------+----------------------+-----
Ice Magic      | 4 5 6 7 9 |  9.1
Dodging        | |  1.7
Stealth        | |  1.7
Spellcasting   | |  2.0

Action                   |  1- 3 |  4- 6 |  7- 9 || total
-------------------------+-------+-------+-------++-------
Melee: Unarmed           |    19 |       |       ||    19
       Short sword       |    38 |       |    44 ||    82
       Dagger            |    23 |   101 |    65 ||   189
 Cast: Freeze            |    23 |     4 |     2 ||    29
       Frozen Ramparts   |     1 |     7 |    12 ||    20
 Stab: Sleeping          |     3 |     1 |     2 ||     6
Armor: Robe              |    24 |    28 |    21 ||    73
Dodge: Dodged            |    63 |    59 |    61 ||   183

Table legend: (Time is in decaauts)
 A = Elapsed time spent in this place.
 B = Non-inter-level travel time spent in this place.
 C = Inter-level travel time spent in this place.
 D = Time resting spent in this place.
 E = Time spent auto-exploring this place.
 F = Levels seen in this place.
 G = Mean time per level.
                   A        B        C        D        E       F      G
               +--------+--------+--------+--------+--------+-----+--------+
         Total |   6453 |   6121 |    332 |      0 |   5004 |   6 | 1075.5 |
       Dungeon |   6453 |   6121 |    332 |      0 |   5004 |   6 | 1075.5 |
               +--------+--------+--------+--------+--------+-----+--------+

Top non-repeatable levels by time:
     D:1: 1430 daAuts
     D:5: 1349 daAuts
     D:2: 1327 daAuts
     D:3: 1188 daAuts
     D:4: 1156 daAuts
     D:6: 1 daAuts
